 Dungeon Crawl Stone Soup version 0.19-a0-905-ge5e6a15 (webtiles) character file.

53 4thArraOfDagon the Chopper (level 3, -2/33 HPs)
             Began as a Hill Orc Monk on July 5, 2016.
             Was a Believer of the Shining One.
             Slain by a worker ant (5 damage)
             ... on level 4 of the Dungeon.
             The game lasted 00:03:07 (574 turns).

4thArraOfDagon the Chopper (Hill Orc Monk)           Turns: 574, Time: 00:03:08

Health: -2/33      AC:  8    Str: 11 (13) XL:     3   Next: 89%
Magic:  1/3        EV:  4    Int:  8 (11) God:    the Shining One [**....]
Gold:   42         SH:  9    Dex: 10 (13) Spells: 0 memorised, 2 levels left

rFire  . . .     SeeInvis +     a - +0 hand axe
rCold  . . .     Gourm    .     j - +0 chain mail
rNeg   + . .     Faith    .     b - +0 buckler
rPois  .         Spirit   .     (no helmet)
rElec  .         Dismiss  .     (no cloak)
rCorr  .         Reflect  .     (no gloves)
SustAt .         Harm     .     (no boots)
MR     .....                    (no amulet)
Stlth  ..........               (no ring)
                                l - ring of see invisible

@: lethally poisoned (-2 -> -9), divine shield, glowing, not resistant to
hostile enchantments, extremely unstealthy
A: no striking features
a: Divine Shield, Renounce Religion


You were on level 4 of the Dungeon.
You worshipped the Shining One.
The Shining One was pleased with you.
You were not hungry.

You visited 1 branch of the dungeon, and saw 4 of its levels.

You collected 42 gold pieces.

Inventory:

Hand Weapons
 a - a +0 hand axe (weapon)
Armour
 b - a +0 buckler (worn)
 j - a +0 chain mail (worn)
Jewellery
 l - a ring of see invisible (left hand)
Scrolls
 d - a scroll of amnesia {unknown}
 g - a scroll of fog {unknown}
 h - a scroll of enchant weapon {unknown}
 i - a scroll of remove curse
 m - a scroll of blinking {unknown}
Potions
 f - a potion of curing {unknown}
 k - a potion of mutation {unknown}
Comestibles
 c - a bread ration


   Skills:
 + Level 4.2 Fighting
 * Level 5.2 Axes
 + Level 1.3 Armour
 - Level 2.4 Dodging
 - Level 1.5 Stealth
 + Level 0.6 Invocations


You had 2 spell levels left.
You didn't know any spells.

Dungeon Overview and Level Annotations

Branches:
Dungeon (4/15)
 Temple: D:4-7

Altars:
The Shining One

Annotations:
D:2 Robin


Message History

You feel sick.
The worker ant bites you but does no damage.
You hit the worker ant but do no damage.
The worker ant is heavily wounded.
* * * LOW HITPOINT WARNING * * *
You feel sick. You block the worker ant's attack.
Unknown command.
You hit the worker ant.
The worker ant is almost dead.
* * * LOW HITPOINT WARNING * * *
You feel sick.
The worker ant bites you but does no damage.
The worker ant bites you.
* * * LOW HITPOINT WARNING * * *
It was a potion of degeneration.
There was something very wrong with that liquid.
You feel weakened.
You feel dopey.
You feel clumsy.
* * * LOW HITPOINT WARNING * * *
You feel sick. The worker ant bites you.
You die...

### # # .. .. #.
###### .. .. #..
....##.##.#
###.###..> ...
......#..##.#
.$.......a@.#
##....[.####
##.......#####
#.........##..
#..<......##.#
#.........##.#
##........##.#######
##................#.#
#.....#.###.#####.#.#


You could see a worker ant.

Vanquished Creatures
  A worker ant (D:4)
  A worm (D:3)
  3 giant geckos
  A giant cockroach (D:4)
  3 goblins
  3 hobgoblins
  3 quokkas
  3 bats
  4 giant newts
  A kobold (D:1)
  2 rats (D:1)
25 creatures vanquished.

Notes
Turn   | Place    | Note
-------+----------+-------------------------------------------
     0 | D:1      | 4thArraOfDagon the Hill Orc Monk began the quest for the Orb.
     0 | D:1      | Reached XP level 1. HP: 19/19 MP: 1/1
   113 | D:1      | Reached XP level 2. HP: 22/27 MP: 2/2
   294 | D:2      | Noticed Robin
   309 | D:3      | Reached XP level 3. HP: 7/33 MP: 3/3
   311 | D:3      | Found a glowing golden altar of the Shining One.
   363 | D:3      | Became a worshipper of the Shining One
   363 | D:3      | Reached * piety under the Shining One
   363 | D:3      | Reached ** piety under the Shining One
   482 | D:4      | Reached skill level 1 in Armour
   566 | D:4      | Reached skill level 5 in Axes
   574 | D:4      | Slain by a worker ant

Vault maps used:
D:1:      nicolae_arrival_somewhat_less_tricky_arrival
D:2:      first_bread, uniq_robin
D:3:      tso_metal_star, uniq_jessica, uniq_iyjb

Skill      XL: |  1  2  3 |
---------------+----------+-----
Fighting       | 4 |  4.2
Armour         | 1 |  1.3
Axes           | 5 |  5.2
Dodging        | |  2.4
Stealth        | |  1.5
Invocations    | |  0.6

Action                   || total
-------------------------++-------
Melee: Hand axe          ||    90
Invok: Divine Shield     ||     1
  Use: Scroll            ||     1
       Potion            ||     1
Armor: Ring mail         ||    18
       Chain mail        ||    29
Dodge: Dodged            ||    35
Block: Buckler           ||    10
